 Dungeon Crawl Stone Soup version 0.19.4-9-g45fd643 (console) character file.

57 Grinner the Ducker (level 3, 19/19 HPs)
             Began as a Spriggan Monk on Feb 17, 2017.
             Got out of the dungeon alive.
             The game lasted 00:03:15 (1673 turns).

Grinner the Ducker (Spriggan Monk)                  Turns: 1673, Time: 00:03:15

Health: 19/19      AC:  2    Str:  7    XL:     3   Next: 73%
Magic:  4/4        EV: 21    Int: 11    God:
Gold:   56         SH:  0    Dex: 19    Spells: 0 memorised, 2 levels left

rFire  . . .     SeeInvis +     a - +0 short sword
rCold  . . .     Gourm    .     b - +0 robe
rNeg   . . .     Faith    .     (shield restricted)
rPois  .         Spirit   .     (helmet restricted)
rElec  .         Reflect  .     (no cloak)
rCorr  .         Harm     .     (gloves unavailable)
MR     .....                    (boots unavailable)
Stlth  ++........               g - amulet of inaccuracy (curse)
                                (no ring)
                                f - ring of loudness (curse)

@: very quick
A: unfitting armour, see invisible, herbivore 3, speed 3, slow metabolism 2
a: no special abilities


You escaped.
You were not hungry.

You visited 1 branch of the dungeon, and saw 4 of its levels.

You collected 56 gold pieces.

Inventory:

Hand Weapons
 a - a +0 short sword (weapon)
Armour
 b - a +0 robe (worn)
Jewellery
 f - a cursed ring of loudness (left hand)
 g - a cursed amulet of inaccuracy (around neck)
Scrolls
 d - a scroll of teleportation
Potions
 e - a potion of haste
 h - a potion of heal wounds {unknown}
 i - a potion of brilliance {unknown}
Comestibles
 c - a bread ration


   Skills:
 - Level 2.4 Fighting
 + Level 3.9 Short Blades
 + Level 5.3 Dodging
 * Level 4.7 Stealth


You had 2 spell levels left.
You didn't know any spells.

Dungeon Overview and Level Annotations

Branches:
Dungeon (4/15)
 Temple: D:4-7

Altars:

Annotations:
D:3 Sagittarian's ghost, amateur DsGl


Innate Abilities, Weirdness & Mutations

You are very small and have problems with some larger weapons.
You are too small for most types of armour.
You have supernaturally acute eyesight. (SInv)
You are a herbivore.
You cover ground extremely quickly.
You need consume almost no food.


Message History

The quokka completely misses you.
You miss the quokka.
The quokka is heavily wounded.
The quokka bites you.
You miss the quokka.
The quokka is heavily wounded.
The quokka closely misses you.
You hit the quokka.
You kill the quokka!
There is a stone staircase leading down here.
You enter a teleport trap!
The teleport trap disappears.
Your surroundings suddenly seem different.
You can't go up here!
HP restored.
There is an open door here.
There is a staircase leading out of the dungeon here.
Are you sure you want to leave the Dungeon?
This will make you lose the game!
Uppercase [Y]es or [N]o only, please.
Are you sure you want to leave the Dungeon?
This will make you lose the game!
You have escaped!

..# #.# ####.......# .##
##'## #..........# ##
##...# #.#.#...#.## ###
##....###.####.##.# #.##
##.....#.....##.##.#
...####......#.....#...#.#
......'......#.....#.....#
...####......#.....#.....#
#.## ##.....#..@..##..###
### ##...[#########.#
##...# #.# ##'## #.#
#.##########.#
#.##.........#
##.##.........# ###
##...#..#####..# ..#
#.......#####((#


There were no monsters in sight!

Vanquished Creatures
  An adder (D:2)
  An ooze (D:1)
  3 dart slugs
  A leopard gecko (D:1)
  3 giant cockroaches
  4 goblins
  3 hobgoblins
  6 jackals
  A quokka (D:1)
  2 bats (D:1)
  A frilled lizard (D:1)
  4 kobolds (D:1)
  3 rats
33 creatures vanquished.

Notes
Turn   | Place    | Note
-------+----------+-------------------------------------------
     0 | D:1      | Grinner the Spriggan Monk began the quest for the Orb.
     0 | D:1      | Reached XP level 1. HP: 11/11 MP: 2/2
   246 | D:1      | Reached XP level 2. HP: 12/16 MP: 3/3
   545 | D:1      | Reached skill level 5 in Dodging
   599 | D:1      | Reached XP level 3. HP: 14/19 MP: 4/4
  1209 | D:3      | Noticed Sagittarian's ghost (amateur DsGl)
  1673 | D:$      | Got out of the dungeon alive.

Skill      XL: |  1  2 |
---------------+-------+-----
Stealth        | 4 |  4.7
Dodging        | 5 |  5.3
Fighting       | |  2.4
Short Blades   | |  3.9

Action                   || total
-------------------------++-------
Melee: Short sword       ||   176
  Use: Scroll            ||     3
       Potion            ||     1
 Stab: Sleeping          ||     7
Armor: Robe              ||    21
Dodge: Dodged            ||   183
